Map: Orbital Shipyard

Players

llllllllllll - Winner!

  • Race: Terran Terran
  • League: Grandmaster

IIIIIIIIIIII

  • Race: Protoss Protoss
  • League: Master

VOD

Have the link to the VOD?

Description

Time

  • Played on: Jan. 8, 2016, 4:52 p.m.
  • Length: 11:56
Show
View Real Time Build Order
Export as new Build Order

llllllllllll Terran - Winner!

Build Orders: Reaper Expand 

Get SALT Encoding   

  12  0:02  SCV  
  13  0:14  SCV  
  13  0:19  Supply Depot  
  14  0:26  SCV  
  15  0:43  Barracks  
  15  0:45  SCV  
  15  0:47  Refinery  
  16  0:58  SCV  
  17  1:10  SCV  
  18  1:30  Reaper  
  18  1:31  Orbital Command  
  19  1:39  Command Center  
  19  1:54  Supply Depot  
  19  1:59  SCV  
  20  2:03  Reaper, Refinery  
  21  2:11  SCV  
  22  2:23  SCV  
  23  2:34  Factory  
  23  2:35  SCV  
  24  2:47  SCV  
  25  2:52  Orbital Command  
  25  2:59  SCV  
  25  3:11  SCV  
  26  3:14  Command Center  
  26  3:19  Bunker  
  26  3:23  SCV x2  
  28  3:29  Factory Tech Lab  
  28  3:32  Engineering Bay  
  28  3:35  SCV x2  
  30  3:44  Barracks Reactor  
  30  3:47  SCV x2  
  32  3:49  Cyclone  
  35  3:58  Missile Turret  
  35  3:59  SCV  
  35  4:00  SCV, Missile Turret  
  37  4:11  SCV  
  37  4:12  SCV  
  37  4:14  Barracks  
  37  4:15  Barracks  
  39  4:22  Marine x2  
  39  4:23  SCV  
  39  4:24  SCV, Cyclone  
  43  4:28  Orbital Command  
  46  4:35  SCV  
  46  4:36  SCV  
  46  4:37  Terran Infantry Weapons Level 1  
  48  4:40  Marine x2  
  50  4:47  SCV  
  50  4:48  SCV, Starport  
  52  4:55  SCV  
  52  4:59  SCV  
  54  5:00  SCV  
  54  5:02  Refinery  
  54  5:03  Refinery, Factory Reactor  
  54  5:04  Supply Depot  
  54  5:05  Supply Depot  
  54  5:07  SCV, Marine  
  55  5:12  SCV, Barracks Tech Lab  
  55  5:13  Marine x2  
  61  5:18  SCV  
  61  5:20  Missile Turret  
  61  5:25  Marine  
  61  5:26  SCV x2, Supply Depot x2  
  64  5:29  Liberator  
  64  5:30  SCV  
  64  5:31  Marine  
  66  5:38  SCV x2  
  66  5:42  SCV, Marine  
  66  5:43  Marine  
  69  5:50  SCV x2  
  69  5:52  Marine  
  69  5:55  SCV  
  69  5:56  Combat Shields  
  72  6:00  Marine  
  72  6:02  SCV  
  72  6:03  SCV  
  70  6:06  Cyclone  
  70  6:07  SCV  
  70  6:08  Marine x3  
  77  6:12  Marine  
  77  6:14  SCV, Orbital Command  
  77  6:18  Marine  
  79  6:21  Supply Depot  
  79  6:23  Supply Depot  
  79  6:26  Marine x3  
  79  6:30  Marine  
  79  6:31  Terran Infantry Armor Level 1  
  83  6:35  Marine, Starport Reactor  
  83  6:40  Cyclone  
  83  6:43  Marine  
  87  6:47  Marine x2  
  87  6:50  Marine  
  87  6:52  SCV  
  87  6:53  Marine  
  92  6:55  SCV  
  92  7:01  SCV, Marine  
  94  7:03  Missile Turret  
  94  7:04  SCV  
  94  7:05  Marine x2  
  94  7:07  SCV  
  99  7:08  Marine  
  99  7:12  Cyclone  
  99  7:13  SCV  
  99  7:14  Supply Depot x2, Medivac, Marine  
  99  7:15  Medivac  
  109  7:23  Refinery  
  109  7:24  Supply Depot  
  109  7:25  Supply Depot  
  109  7:26  Supply Depot  
  109  7:29  SCV  
  109  7:32  Liberator x2  
  109  7:35  Marine x5  
  109  7:36  SCV x2  
  116  7:41  SCV  
  116  7:42  Supply Depot, Barracks  
  116  7:43  Barracks  
  117  7:46  Armory  
  117  7:48  SCV, Engineering Bay  
  125  7:53  SCV, Marine x3  
  125  7:57  Refinery  
  128  7:59  Supply Depot, Marine  
  128  8:00  Starport  
  128  8:02  Marine  
  130  8:08  SCV  
  130  8:11  SCV, Marine x3  
  134  8:14  SCV  
  134  8:17  Marine  
  136  8:23  Cyclone  
  136  8:24  Marine  
  140  8:27  Stimpack  
  140  8:29  Marine x2  
  140  8:31  Supply Depot, Liberator x2  
  140  8:32  Supply Depot  
  140  8:33  Marine x3  
  145  8:35  SCV, Marine  
  144  8:41  SCV  
  144  8:42  Marine  
  144  8:47  Marine x2  
  148  8:50  Starport Reactor  
  148  8:51  Marine  
  148  8:52  Marine  
  148  8:54  Barracks Reactor, Barracks Tech Lab  
  156  8:56  Terran Infantry Weapons Level 2  
  156  8:57  Supply Depot, Terran Infantry Armor Level 2  
  156  9:00  Marine, Terran Ship Weapons Level 1  
  156  9:02  Supply Depot  
  157  9:04  Marine x2  
  157  9:09  Marine  
  160  9:10  Marine  
  160  9:11  Cyclone  
  160  9:13  Marine  
  160  9:14  Liberator x2  
  160  9:15  Liberator  
  164  9:17  Marine  
  164  9:18  SCV  
  164  9:22  Marine  
  164  9:23  Marine  
  169  9:26  Marine  
  169  9:30  Marine x2  
  169  9:31  Marine x2  
  173  9:34  Concussive Shells  
  173  9:35  Liberator  
  182  9:39  Marine  
  182  9:40  Marine  
  182  9:41  Marine  
  185  9:45  Command Center  
  185  9:49  Siege Tank  
  188  9:54  Marine x3  
  188  9:56  Marine  
  195  10:00  Ghost Academy  
  195  10:01  Marine x2  
  197  10:15  Barracks x2  
  197  10:19  Barracks  
  197  10:48  Marine  
  197  10:57  Marine x3  
  200  11:06  Missile Turret x2  
  200  11:08  Marine x2  
  200  11:23  Medivac, Marine  
  200  11:24  Marine  
  198  11:30  Marine  
  198  11:31  Marine, Marauder  
  198  11:32  Marine x5  
  179  11:33  Marine  
  179  11:37  SCV  
Show
View Real Time Build Order
Export as new Build Order

IIIIIIIIIIII Protoss 

Build Orders: 1 Gate Expand, Phoenix Opening 

Get SALT Encoding   

  12  0:01  Probe (Chrono Boost)  
  13  0:12  Probe (Chrono Boost)  
  14  0:21  Pylon  
  14  0:22  Probe (Chrono Boost)  
  15  0:39  Probe (Chrono Boost)  
  15  0:40  Gateway  
  16  0:42  Assimilator  
  16  0:49  Probe (Chrono Boost)  
  17  0:51  Assimilator  
  17  1:00  Probe (Chrono Boost)  
  18  1:10  Probe (Chrono Boost)  
  19  1:27  Probe (Chrono Boost)  
  19  1:30  Cybernetics Core  
  20  1:42  Nexus  
  20  1:45  Probe (Chrono Boost)  
  21  1:53  Pylon  
  21  1:56  Probe (Chrono Boost)  
  22  2:11  Adept  
  22  2:12  Mothership Core (Chrono Boost)  
  26  2:16  Warp Gate  
  24  2:30  Probe (Chrono Boost)  
  24  2:40  Stargate  
  24  2:42  Probe (Chrono Boost)  
  25  2:52  Probe (Chrono Boost)  
  25  2:54  Probe (Chrono Boost)  
  27  3:03  Probe (Chrono Boost)  
  27  3:05  Probe (Chrono Boost)  
  27  3:13  Probe (Chrono Boost)  
  27  3:15  Probe (Chrono Boost)  
  27  3:16  Stargate  
  27  3:18  Assimilator  
  29  3:25  Phoenix (Chrono Boost)  
  31  3:30  Probe  
  31  3:31  Probe  
  33  3:40  Probe  
  33  3:43  Probe  
  35  3:49  Phoenix (Chrono Boost)  
  35  3:51  Probe  
  38  3:58  Probe  
  39  4:03  Phoenix (Chrono Boost)  
  39  4:04  Probe  
  42  4:10  Pylon  
  42  4:16  Phoenix (Chrono Boost)  
  44  4:19  Probe  
  44  4:20  Probe  
  46  4:26  Pylon  
  46  4:33  Probe x2  
  46  4:36  Phoenix (Chrono Boost)  
  50  4:43  Phoenix (Chrono Boost)  
  52  4:46  Probe x2  
  52  4:52  Pylon  
  54  4:59  Probe x2  
  56  5:06  Phoenix (Chrono Boost)  
  56  5:07  Phoenix (Chrono Boost)  
  60  5:12  Probe, Assimilator  
  60  5:13  Probe  
  62  5:18  Pylon  
  62  5:24  Probe  
  62  5:25  Probe  
  64  5:40  Phoenix x2 (Chrono Boost)  
  64  5:42  Probe x2  
  70  5:48  Robotics Facility  
  70  5:54  Probe  
  71  6:04  Phoenix x2 (Chrono Boost)  
  71  6:08  Probe x2  
  72  6:22  Twilight Council  
  72  6:24  Nexus, Pylon  
  72  6:25  Sentry  
  74  6:26  Pylon  
  74  6:30  Probe x2  
  76  6:36  Pylon  
  76  6:44  Observer (Chrono Boost)  
  76  6:46  Probe x2  
  79  6:54  Gateway  
  79  6:56  Gateway  
  79  6:58  Immortal (Chrono Boost)  
  79  7:00  Probe x2, Resonating Glaives (Chrono Boost)  
  79  7:03  Gateway  
  79  7:05  Gateway  
  79  7:08  Gateway  
  83  7:13  Gateway  
  83  7:17  Gateway  
  83  7:20  Probe x2  
  85  7:30  Pylon  
  85  7:32  Probe x2  
  85  7:34  Probe  
  88  7:38  Immortal  
  92  7:44  Probe x2  
  92  7:47  Adept  
  92  7:51  Probe  
  96  7:52  Pylon, Assimilator  
  96  7:53  Assimilator  
  96  7:56  Probe x2  
  96  7:57  Forge  
  99  8:11  Adept x6  
  111  8:15  Adept  
  111  8:16  Adept  
  115  8:20  Pylon  
  115  8:23  Protoss Ground Armor Level 1 (Chrono Boost)  
  115  8:26  Immortal (Chrono Boost)  
  115  8:27  Templar Archives  
  119  8:39  Charge (Chrono Boost)  
  115  8:52  Psionic Storm  
  115  9:08  Photon Cannon  
  115  9:10  Photon Cannon  
  115  9:11  High Templar x4  
  115  9:12  Zealot x3  
  115  9:13  Zealot  
  131  9:17  Pylon  
  131  9:19  Pylon  
  131  9:21  Pylon  
  129  9:39  Immortal  
  129  9:40  Void Ray x2  
  141  9:51  Pylon  
  141  9:52  Pylon  
  141  9:54  Pylon  
  141  9:59  Pylon  
  141  10:01  Pylon  
  141  10:04  High Templar x2  
  141  10:05  Zealot x5  
  141  10:06  Zealot  
  157  10:11  Archon  
  157  10:33  Void Ray x2 (Chrono Boost)  
  165  10:37  Immortal  
  165  10:38  Pylon  
  165  10:39  Forge  
  169  10:54  Nexus  
  169  10:56  Pylon x2  
  169  10:58  Zealot x5  
  169  11:00  High Templar x2  
  169  11:01  Zealot  
  185  11:04  Archon  
  185  11:16  Void Ray x2 (Chrono Boost)  
  137  11:34  Zealot x2  
  137  11:35  Zealot x6  
Tags
 
Add a new tag
Caveats
  • Supply blocks, unpowered buildings, or Contaminate may cause inaccurate times.
  • Supply counts are checked every 10 seconds.